PCL
TEXARKANA BEARS @ CALGARY COWBOYS
08/25/2028
 
TOP OF THE 1ST
Texarkana Bears batting - Pitching for Calgary Cowboys : RHP Ron Chapman
Pitching: RHP Ron Chapman
Batting: RHB Taki Chikafuji 0-0: Ball
1-0: Foul Ball, location: 2F
1-1: Ball
2-1: Ball
3-1: Fly out, F9 (Flyball, 89M)
Batting: RHB Tony Reyes 0-0: Called Strike
0-1: Fly out, F9 (Flyball, 9LSF)
Batting: RHB Billy Campbell 0-0: Ball
1-0: Called Strike
1-1: Swinging Strike
1-2: Strikes out swinging
Top of the 1st over - 0 run(s), 0 hit(s), 0 error(s), 0 left on base; Texarkana 0 - Calgary 0
BOTTOM OF THE 1ST
Calgary Cowboys batting - Pitching for Texarkana Bears : RHP Alberto Márquez
Pitching: RHP Alberto Márquez
Batting: RHB César Rodríguez 0-0: Ball
1-0: Fly out, F5 (Line Drive, 5S)
Batting: LHB Del Kennedy 0-0: Ball
1-0: DOUBLE (Line Drive, 78XD)
Batting: RHB Tom Rowe 0-0: Ball
1-0: Fly out, F9 (Flyball, 9S)
Batting: LHB Miguel Pérez 0-0: Ball
1-0: Ball
2-0: Ball
3-0: Base on Balls
Batting: RHB Jorge Balencia 0-0: Ball
1-0: SINGLE (Groundball, 4D)
Del Kennedy to third
Miguel Pérez to second
Runner from 3rd tries for Home, SAFE, throw made home
Miguel Pérez to third
Jorge Balencia to second
Batting: LHB Freddy Herrera 0-0: Ball
1-0: Fly out, F7 (Flyball, 7LS)
Bottom of the 1st over - 1 run(s), 2 hit(s), 0 error(s), 2 left on base; Texarkana 0 - Calgary 1
TOP OF THE 2ND
Texarkana Bears batting - Pitching for Calgary Cowboys : RHP Ron Chapman
Batting: RHB Michael Barraclough 0-0: Fly out, F7 (Line Drive, 7LM)
Batting: LHB Sam Barnes 0-0: Ball
1-0: Foul Ball, location: 2F
1-1: Called Strike
1-2: Ball
2-2: Ball
3-2: Strikes out looking
Batting: LHB Tom Mullins 0-0: Ball
1-0: Foul Ball, location: 2F
1-1: Ball
2-1: Fly out, F8 (Flyball, 8LD)
Top of the 2nd over - 0 run(s), 0 hit(s), 0 error(s), 0 left on base; Texarkana 0 - Calgary 1
BOTTOM OF THE 2ND
Calgary Cowboys batting - Pitching for Texarkana Bears : RHP Alberto Márquez
Batting: RHB Travis Colbert 0-0: Ball
1-0: Called Strike
1-1: Ball
2-1: SINGLE (Flyball, 89S)
Batting: RHB Shayne Burry 0-0: Ball
Travis Colbert steals 2nd base
1-0: Ball
2-0: Ball
3-0: Base on Balls
Batting: RHB Mario Sánchez 0-0: Called Strike
0-1: Ground out 4-3 (Groundball, 4S)
Travis Colbert to third
Shayne Burry to second
Batting: RHB César Rodríguez 0-0: Swinging Strike
0-1: Ball
1-1: Swinging Strike
1-2: Hit by Pitch
Batting: LHB Del Kennedy 0-0: Ball
1-0: Foul Ball, location: 2F
1-1: Ball
2-1: Foul Ball, location: 2F
2-2: Ball
3-2: GRAND SLAM HOME RUN (Flyball, 9LD), Distance : 334 ft
Batting: RHB Tom Rowe 0-0: Foul Ball, location: 2F
0-1: Ball
1-1: Ball
2-1: Ball
3-1: Base on Balls
Batting: LHB Miguel Pérez 0-0: Called Strike
Tom Rowe steals 2nd base
0-1: Foul Ball, location: 2F
0-2: Ball
1-2: Ground out 4-3 (Groundball, 4)
Tom Rowe to third
Batting: RHB Jorge Balencia 0-0: Ball
1-0: Ground out 5-3 (Groundball, 56)
Bottom of the 2nd over - 4 run(s), 2 hit(s), 0 error(s), 1 left on base; Texarkana 0 - Calgary 5
TOP OF THE 3RD
Texarkana Bears batting - Pitching for Calgary Cowboys : RHP Ron Chapman
Batting: RHB Steve Garneys 0-0: Ground out 4-3 (Groundball, 34)
Batting: RHB Arturo Rodríguez 0-0: Ball
1-0: Ball
2-0: SINGLE (Line Drive, 78M)
Batting: RHB Kun Liu 0-0: Ball
1-0: Foul Ball, location: 2F
1-1: SINGLE (Groundball, 3D)
Arturo Rodríguez to second
Runner from 2nd tries for 3rd, SAFE, no throw
Batting: RHB Taki Chikafuji 0-0: Foul Ball, location: 2F
0-1: Ball
1-1: Ball
2-1: Fly out, F9 (Flyball, 9LS)
Batting: RHB Tony Reyes 0-0: Ball
1-0: Ball
2-0: Ball
3-0: Base on Balls
Kun Liu to second
Batting: RHB Billy Campbell 0-0: Called Strike
0-1: SINGLE (Line Drive, 78S)
Arturo Rodríguez scores
Kun Liu to third
Tony Reyes to second
Batting: RHB Michael Barraclough 0-0: Swinging Strike
0-1: Called Strike
0-2: Strikes out swinging
Top of the 3rd over - 1 run(s), 3 hit(s), 0 error(s), 3 left on base; Texarkana 1 - Calgary 5
BOTTOM OF THE 3RD
Calgary Cowboys batting - Pitching for Texarkana Bears : RHP Alberto Márquez
Batting: LHB Freddy Herrera 0-0: Ball
1-0: SINGLE (Line Drive, 34)
Batting: RHB Travis Colbert 0-0: Ball
1-0: Swinging Strike
1-1: Ball
2-1: SINGLE (Line Drive, 8RS)
Freddy Herrera to second
Batting: RHB Shayne Burry 0-0: Called Strike
0-1: Foul Ball, location: 2F
0-2: Ball
1-2: Ball
2-2: SINGLE (Groundball, 56D)
Freddy Herrera to third
Travis Colbert to second
Batting: RHB Mario Sánchez 0-0: Ball
1-0: Foul Ball, location: 2F
1-1: Called Strike
1-2: Ball
2-2: Grounds into double play, 4-6-3 (Groundball, 4)
Freddy Herrera scores
Travis Colbert to third
Pitching: RHP Jesús Sosa
Batting: RHB César Rodríguez 0-0: Ground out 5-3 (Groundball, 56S)
Bottom of the 3rd over - 1 run(s), 3 hit(s), 0 error(s), 1 left on base; Texarkana 1 - Calgary 6
TOP OF THE 4TH
Texarkana Bears batting - Pitching for Calgary Cowboys : RHP Ron Chapman
Batting: LHB Sam Barnes 0-0: Ball
1-0: Ball
2-0: Ball
3-0: Called Strike
3-1: Foul Ball, location: 2F
3-2: Base on Balls
Batting: LHB Tom Mullins 0-0: Called Strike
0-1: Called Strike
0-2: Ball
1-2: Ball
2-2: Foul Ball, location: 2F
2-2: Fly out, F7 (Flyball, 78M)
Batting: RHB Steve Garneys 0-0: Swinging Strike
0-1: Ball
1-1: TRIPLE (Line Drive, 9LM)
Sam Barnes scores
Batting: RHB Arturo Rodríguez 0-0: Ground out 4-3 (Groundball, 4S)
Steve Garneys scores
Batting: RHB Kun Liu 0-0: Called Strike
0-1: Foul Ball, location: 2F
0-2: Ball
1-2: Strikes out swinging
Top of the 4th over - 2 run(s), 1 hit(s), 0 error(s), 0 left on base; Texarkana 3 - Calgary 6
BOTTOM OF THE 4TH
Calgary Cowboys batting - Pitching for Texarkana Bears : RHP Jesús Sosa
Batting: LHB Del Kennedy 0-0: Swinging Strike
0-1: Ball
1-1: Foul Ball, location: 2F
1-2: Foul Ball, location: 2F
1-2: Ball
2-2: Strikes out swinging
Batting: RHB Tom Rowe 0-0: Ball
1-0: Ground out 4-3 (Groundball, 4S)
Batting: LHB Miguel Pérez 0-0: SOLO HOME RUN (Flyball, 7D), Distance : 372 ft
Batting: RHB Jorge Balencia 0-0: Ball
1-0: Called Strike
1-1: Ball
2-1: Foul Ball, location: 2F
2-2: Fly out, F9 (Flyball, 9)
Bottom of the 4th over - 1 run(s), 1 hit(s), 0 error(s), 0 left on base; Texarkana 3 - Calgary 7
TOP OF THE 5TH
Texarkana Bears batting - Pitching for Calgary Cowboys : RHP Ron Chapman
Batting: RHB Taki Chikafuji 0-0: Ball
1-0: Swinging Strike
1-1: Ball
2-1: Swinging Strike
2-2: Foul Ball, location: 2F
2-2: Ball
3-2: Fly out, F8 (Flyball, 8RXD)
Batting: RHB Tony Reyes 0-0: Called Strike
0-1: Foul Ball, location: 2F
0-2: Strikes out swinging
Batting: RHB Billy Campbell 0-0: Called Strike
0-1: Ball
1-1: Swinging Strike
1-2: Foul Ball, location: 2F
1-2: Strikes out swinging
Top of the 5th over - 0 run(s), 0 hit(s), 0 error(s), 0 left on base; Texarkana 3 - Calgary 7
BOTTOM OF THE 5TH
Calgary Cowboys batting - Pitching for Texarkana Bears : RHP Jesús Sosa
Batting: LHB Freddy Herrera 0-0: Called Strike
0-1: Ball
1-1: Called Strike
1-2: Ground out 5-3 (Groundball, 56S)
Batting: RHB Travis Colbert 0-0: Called Strike
0-1: Called Strike
0-2: Ball
1-2: Foul Ball, location: 2F
1-2: Fly out, F9 (Line Drive, 89M)
Batting: RHB Shayne Burry 0-0: Called Strike
0-1: Foul Ball, location: 2F
0-2: DOUBLE (Line Drive, 7LM)
Batting: RHB Mario Sánchez 0-0: Ground out 6-3 (Groundball, 6MS)
Bottom of the 5th over - 0 run(s), 1 hit(s), 0 error(s), 1 left on base; Texarkana 3 - Calgary 7
TOP OF THE 6TH
Texarkana Bears batting - Pitching for Calgary Cowboys : RHP Ron Chapman
Batting: RHB Michael Barraclough 0-0: Ball
1-0: Called Strike
1-1: Called Strike
1-2: Ball
2-2: Ball
3-2: Foul Ball, location: 2F
3-2: Foul Ball, location: 2F
3-2: Foul Ball, location: 2F
3-2: Foul Ball, location: 2F
3-2: Base on Balls
Batting: LHB Sam Barnes 0-0: Called Strike
0-1: Foul Ball, location: 2F
0-2: Ball
1-2: Foul Ball, location: 2F
1-2: Ball
2-2: Strikes out swinging
Batting: LHB Tom Mullins 0-0: DOUBLE (Flyball, 89D)
Michael Barraclough to third
Batting: RHB Steve Garneys 0-0: Ground out 6-3 (Groundball, 6)
Michael Barraclough scores
Batting: RHB Arturo Rodríguez 0-0: Ball
1-0: Called Strike
1-1: Foul Ball, location: 2F
1-2: Ball
2-2: Strikes out looking
Top of the 6th over - 1 run(s), 1 hit(s), 0 error(s), 1 left on base; Texarkana 4 - Calgary 7
BOTTOM OF THE 6TH
Calgary Cowboys batting - Pitching for Texarkana Bears : RHP Jesús Sosa
Batting: RHB César Rodríguez 0-0: SINGLE (Line Drive, 5)
Batting: LHB Del Kennedy 0-0: Ball
1-0: Fly out, F7 (Flyball, 7S)
Batting: RHB Tom Rowe 0-0: Ball
César Rodríguez is caught stealing 2nd base
1-0: Foul Ball, location: 2F
1-1: Swinging Strike
1-2: Ball
2-2: Fly out, F6 (Line Drive, 6M)
Bottom of the 6th over - 0 run(s), 1 hit(s), 0 error(s), 0 left on base; Texarkana 4 - Calgary 7
TOP OF THE 7TH
Texarkana Bears batting - Pitching for Calgary Cowboys : RHP Ron Chapman
Pitching: RHP Lorenzo Montáńez
Batting: RHB Kun Liu 0-0: Called Strike
0-1: Swinging Strike
0-2: Strikes out swinging
Batting: RHB Taki Chikafuji 0-0: Ball
1-0: SINGLE (Flyball, 89S)
Batting: RHB Tony Reyes 0-0: Ball
1-0: Called Strike
1-1: Foul Ball, location: 2F
1-2: SINGLE (Groundball, 56) (infield hit)
Taki Chikafuji to second
Batting: RHB Billy Campbell 0-0: Ball
1-0: Called Strike
1-1: SINGLE (Flyball, 9LS)
Taki Chikafuji to third
Tony Reyes to second
Runner from 3rd tries for Home, SAFE, throw made home
Tony Reyes to third
Billy Campbell to second
Batting: RHB Michael Barraclough 0-0: Ball
1-0: Ball
2-0: Called Strike
2-1: Foul Ball, location: 2F
2-2: Ball
3-2: Foul Ball, location: 2F
3-2: Foul Ball, location: 2F
3-2: Strikes out swinging
Batting: LHB Sam Barnes 0-0: DOUBLE (Groundball, 3L)
Tony Reyes scores
Billy Campbell scores
Pitching: RHP Bert Killick
Batting: LHB Tom Mullins 0-0: Ball
1-0: Called Strike
1-1: Swinging Strike
1-2: Strikes out swinging
Top of the 7th over - 3 run(s), 4 hit(s), 0 error(s), 1 left on base; Texarkana 7 - Calgary 7
BOTTOM OF THE 7TH
Calgary Cowboys batting - Pitching for Texarkana Bears : RHP Jesús Sosa
Batting: LHB Miguel Pérez 0-0: Fly out, F8 (Flyball, 8RD)
Pinch Hitting: RHB Dan Wyatt 0-0: Called Strike
0-1: Ball
1-1: Swinging Strike
1-2: Ball
2-2: Ball
3-2: Ground out 1-3 (Groundball, 13)
Batting: LHB Freddy Herrera 0-0: Ball
1-0: Ball
2-0: Called Strike
2-1: Ground out 5-3 (Groundball, 56S)
Bottom of the 7th over - 0 run(s), 0 hit(s), 0 error(s), 0 left on base; Texarkana 7 - Calgary 7
TOP OF THE 8TH
Texarkana Bears batting - Pitching for Calgary Cowboys : RHP Bert Killick
Now at 2B: Tom Yarbrough
Pinch Hitting: RHB Keith Ford 0-0: Called Strike
0-1: Foul Ball, location: 2F
0-2: Foul Ball, location: 2F
0-2: Ball
1-2: Strikes out looking
Pinch Hitting: RHB Gilberto López 0-0: Foul Ball, location: 2F
0-1: Ball
1-1: Ball
2-1: SOLO HOME RUN (Flyball, 78XD), Distance : 433 ft
Batting: RHB Kun Liu 0-0: Called Strike
0-1: Ground out 6-3 (Groundball, 6)
Batting: RHB Taki Chikafuji 0-0: Ball
1-0: Called Strike
1-1: Ball
2-1: Swinging Strike
2-2: Foul Ball, location: 2F
2-2: Strikes out swinging
Top of the 8th over - 1 run(s), 1 hit(s), 0 error(s), 0 left on base; Texarkana 8 - Calgary 7
BOTTOM OF THE 8TH
Calgary Cowboys batting - Pitching for Texarkana Bears : RHP Jesús Sosa
Now at 2B: Cam Flowers
Now at SS: Franklin Lawrence
Batting: RHB Travis Colbert 0-0: Ball
1-0: Ball
2-0: Foul Ball, location: 2F
2-1: Ball
3-1: Base on Balls
Pitching: RHP Kosami Tagawa
Batting: RHB Shayne Burry 0-0: Sac Bunt - play at first, batter OUT! 5-4
Travis Colbert to second
Pinch Hitting: LHB Fred Abrams 0-0: Ball
1-0: Swinging Strike
1-1: Ball
2-1: Called Strike
2-2: Strikes out looking
Pinch Hitting: RHB Paul Swift 0-0: Foul Ball, location: 2F
0-1: Ball
1-1: Foul Ball, location: 2F
1-2: Foul Ball, location: 2F
1-2: Strikes out swinging
Bottom of the 8th over - 0 run(s), 0 hit(s), 0 error(s), 1 left on base; Texarkana 8 - Calgary 7
TOP OF THE 9TH
Texarkana Bears batting - Pitching for Calgary Cowboys : RHP Bert Killick
Now at 1B: Leroy Bates
Now in LF: Fred Abrams
Batting: RHB Tony Reyes 0-0: Fly out, F7 (Flyball, 7S)
Batting: RHB Billy Campbell 0-0: Ball
1-0: Swinging Strike
1-1: Foul Ball, location: 2F
1-2: Strikes out swinging
Batting: RHB Michael Barraclough 0-0: Called Strike
0-1: Fly out, F7 (Flyball, 7S)
Top of the 9th over - 0 run(s), 0 hit(s), 0 error(s), 0 left on base; Texarkana 8 - Calgary 7
BOTTOM OF THE 9TH
Calgary Cowboys batting - Pitching for Texarkana Bears : RHP Kosami Tagawa
Pitching: RHP António Ramírez
Now at C: Alberto Medine
Batting: LHB Del Kennedy 0-0: Swinging Strike
0-1: Foul Ball, location: 2F
0-2: SINGLE (Groundball, 4MD)
Batting: RHB Tom Rowe 0-0: Ball
1-0: Grounds into double play, 4-6-3 (Groundball, 4)
Batting: LHB Miguel Pérez 0-0: Foul Ball, location: 2F
0-1: Foul Ball, location: 2F
0-2: TRIPLE (Line Drive, 9LD)
Pinch Hitting: SHB Juan Acevado 0-0: Called Strike
0-1: Ball
1-1: Called Strike
1-2: Ball
2-2: Foul Ball, location: 2F
2-2: Ball
3-2: Foul Ball, location: 2F
3-2: Base on Balls
Batting: LHB Freddy Herrera 0-0: Called Strike
0-1: Called Strike
0-2: Strikes out swinging
Bottom of the 9th over - 0 run(s), 2 hit(s), 0 error(s), 2 left on base; Texarkana 8 - Calgary 7
Tuesday, August 8th, 2017 - OOTP Baseball 17.12 Build 75